 Dungeon Crawl Stone Soup version 0.29.1-2-gbd0b4ee654 (webtiles) character file.

Game seed: 11618211034377225849

137 MisterFreud the Sneak (level 5, -2/24 HPs)
             Began as a Felid Berserker on Nov 2, 2022.
             Was a Priest of Trog.
             Killed from afar by a white imp (6 damage)
             ... with a puff of frost
             ... on level 5 of the Dungeon.
             The game lasted 00:04:42 (5041 turns).

MisterFreud the Sneak (Felid Berserker)             Turns: 5041, Time: 00:04:43

Health: -2/24      AC:  1    Str: 13    XL:     5   Next: 0%
Magic:  6/6        EV: 20    Int:  9    God:    Trog [***...]
Gold:   52         SH:  0    Dex: 23    Spells: 4/4 levels left
                                        Lives:  0   Deaths: 1

rFire   . . .      SeeInvis +     - Unarmed
rCold   . . .      Faith    .   (shield unavailable)
rNeg    . . .      Spirit   .   (body armour unavailable)
rPois   .          Reflect  .   (helmet unavailable)
rElec   .          Harm     .   (cloak unavailable)
rCorr   .          Rampage  .   (gloves unavailable)
Will    .....                   (boots unavailable)
Stlth   ++++......              (no amulet)
HPRegen 0.08/turn               p - +6 ring of dexterity
MPRegen 0.10/turn               (no ring)

@: quick
A: very small, claws 1, fangs 3, see invisible, speed 1, shaggy fur 1, stealthy
paws, no weapons or thrown items, no armour, multi-lived
a: Renounce Religion, Berserk, Trog's Hand


You were on level 5 of the Dungeon.
You worshipped Trog.
Trog was most pleased with you.
You visited 1 branch of the dungeon, and saw 5 of its levels.

You collected 124 gold pieces.
You spent 72 gold pieces at shops.

Inventory:

Jewellery
 p - a +6 ring of dexterity (left paw)
Wands
 n - a wand of light (15)
Scrolls
 o - 2 scrolls of teleportation
Potions
 a - a potion of ambrosia
 b - 2 potions of haste
 c - 2 potions of flight
 d - 2 potions of curing
 h - 2 potions of attraction {unknown}
 i - 4 potions of mutation
 k - 2 potions of heal wounds
 l - a potion of might {unknown}
 m - a potion of brilliance {unknown}


   Skills:
 - Level 3.0 Fighting
 - Level 4.0 Dodging
 + Level 5.8 Stealth
 + Level 5.1 Unarmed Combat


You had 4 spell levels left.
You didn't know any spells.
Your spell library was empty.

Dungeon Overview and Level Annotations

Branches:
Dungeon (5/15)
 Temple: D:4-7

Altars:
Cheibriados
Dithmenos
Elyvilon
Makhleb

Shops:
D:2 !


Innate Abilities, Weirdness & Mutations

You have sharp claws.
You have razor-sharp teeth.
You have supernaturally acute eyesight. (SInv)
You cover ground quickly. (Speed+)
You are covered in fur. (AC +1)
Your paws help you pounce on unaware monsters.
You are incapable of wielding weapons or throwing items.
You cannot wear armour.
You gain extra lives every three experience levels.


Message History

The air fills with toxic fumes!
As you read the scroll labelled PAMMYH ZUKKOYF, it crumbles to dust.
It was a scroll of poison.
As you read the scroll of identify, it crumbles to dust.
c - 2 potions of flight
As you read the scroll of identify, it crumbles to dust.
k - 2 potions of heal wounds You drop a scroll of amnesia.
You drop a scroll of enchant armour.
Done exploring.
You start waiting.
You start waiting.
Done waiting.
Press: ? - help, . - travel You can't see that place. [a stone staircase leading down.]
There is a stone staircase leading down here.
You climb downwards.
Found a club.
There is a stone staircase leading up here.
A water moccasin comes into view.
Found a helmet.
A water moccasin is nearby!
A water moccasin is nearby!
A white imp and a worm come into view.
Found 12 gold pieces and a scroll of enchant armour.
Found a stone staircase leading down.
The white imp shouts, "Leave, thou bumbling weather-bitten flim-flammer!"
Found 17 gold pieces.
The white imp gestures at you. The puff of frost misses you.
The white imp gestures at you. The puff of frost hits you!
The white imp gestures at you. The puff of frost hits you!
Ouch! That really hurt!
* * * LOW HITPOINT WARNING * * *
The white imp gestures at you. The puff of frost hits you.
You die...

... .. #.# #.# #.##..#
##### #.#..#### #....
#........ #....
#........ #w..$
#####........
#.#..[.###..@.<.......
......5....###........
##......#### #........
#$......# #........
#.......# #.......)
#........ #########
#.......# .>......#
##..?...#


You could see a white imp.

Vanquished Creatures
  A hound (D:3)
  Natasha (twice) (D:2)
  A gnoll (D:4)
  6 adders
  3 worms (D:2)
  A dart slug (D:3)
  3 orcs (D:4)
  12 ball pythons
  3 endoplasms
  2 giant cockroaches (D:1)
  7 goblins
  10 hobgoblins
  3 jackals (D:1)
  11 kobolds
  8 quokkas
  5 bats
  4 frilled lizards
  8 rats
90 creatures vanquished.

Notes
Turn   | Place    | Note
-------+----------+-------------------------------------------
     0 | D:1      | MisterFreud the Felid Berserker began the quest for the
                  | Orb.
     0 | D:1      | Reached XP level 1. HP: 10/10 MP: 2/2
   227 | D:1      | Reached skill level 1 in Stealth
   425 | D:1      | Reached XP level 2. HP: 7/14 MP: 3/3
  1402 | D:1      | Reached XP level 3. HP: 9/17 MP: 4/4
  2229 | D:2      | Found a burning altar of Makhleb.
  2350 | D:2      | Found Ejofo's Distillery.
  2357 | D:2      | Reached ** piety under Trog
  2364 | D:2      | Bought a potion of curing for 36 gold pieces
  2364 | D:2      | Bought a potion of curing for 36 gold pieces
  2477 | D:2      | Found the +9 staff of Olgreb {rPois∞}
  2558 | D:2      | Noticed Natasha
  2561 | D:2      | Killed Natasha
  2562 | D:2      | Reached XP level 4. HP: 21/21 MP: 5/5
  3149 | D:2      | Noticed Natasha
  3166 | D:2      | Killed Natasha
  3321 | D:3      | Found a faded altar of an unknown god.
  3341 | D:3      | Reached XP level 5. HP: 21/24 MP: 6/6
  3651 | D:3      | Reached skill level 5 in Stealth
  4069 | D:3      | Reached *** piety under Trog
  4390 | D:4      | Reached skill level 5 in Unarmed Combat
  4444 | D:4      | Found a snail-covered altar of Cheibriados.
  4451 | D:4      | Found a shadowy altar of Dithmenos.
  4526 | D:4      | Slain by a gnoll
  4527 | D:4      | Reached XP level 4. HP: -1/21 MP: 5/5
  4638 | D:4      | Found a white marble altar of Elyvilon.
  4690 | D:4      | Reached XP level 5. HP: 24/24 MP: 6/6
  5025 | D:5      | Entered Level 5 of the Dungeon
  5030 | D:5      | Noticed a water moccasin
  5041 | D:5      | Killed from afar by a white imp

Illustrated notes

Levels and vault maps discovered:
D:1:      kennysheep_arrival_forest, layout_basic
D:2:      layout_loops_corners, serial_shops, shop, basic_altar, uniq_natasha
D:3:      layout_basic, nicolae_ecumenical_snake_handling
D:4:      layout_basic, elyvilon_altar_1, grunt_temple_overflow_open,
          eino_small_chamber_without_monster
D:5:      layout_basic, chequers_big_river, minmay_manual_mess

Skill      XL: |  1  2  3  4  5 |
---------------+----------------+-----
Stealth        | 1 2 3 4 5 |  5.8
Unarmed Combat | 4 5 |  5.1
Fighting       | |  3.0
Dodging        | |  4.0

Action                   |  1- 3 |  4- 6 || total
-------------------------+-------+-------++-------
Melee: Unarmed           |    90 |   126 ||   216
       Bite              |     6 |    10 ||    16
       Punch             |     3 |     2 ||     5
Invok: Berserk           |       |     1 ||     1
  Use: Potion            |       |     1 ||     1
       Scroll            |       |    11 ||    11
 Stab: Sleeping          |     4 |    19 ||    23
Armor: Skin              |       |     3 ||     3
Dodge: Dodged            |    61 |    84 ||   145
